Map: Ruins of Endion

Players

Miszu

  • Race: Protoss Protoss
  • League: Grandmaster

DarKLoVeR - Winner!

  • Race: Zerg Zerg
  • League: Grandmaster

VOD

Have the link to the VOD?

Description

Time

  • Played on: April 8, 2016, 7:29 p.m.
  • Length: 9:35
Show
View Real Time Build Order
Export as new Build Order

Miszu Protoss 

Build Orders: 1 Gate Expand 

Get SALT Encoding   

  12  0:01  Probe (Chrono Boost)  
  13  0:12  Probe (Chrono Boost)  
  14  0:19  Pylon  
  14  0:22  Probe (Chrono Boost)  
  15  0:37  Probe (Chrono Boost)  
  15  0:38  Gateway  
  16  0:48  Probe (Chrono Boost)  
  17  1:00  Probe (Chrono Boost)  
  18  1:14  Nexus  
  18  1:21  Assimilator  
  18  1:25  Probe (Chrono Boost)  
  19  1:33  Cybernetics Core  
  19  1:36  Probe (Chrono Boost)  
  20  1:43  Assimilator  
  20  1:48  Probe (Chrono Boost)  
  21  1:55  Pylon  
  21  1:59  Probe (Chrono Boost)  
  22  2:09  Probe (Chrono Boost)  
  22  2:10  Warp Gate  
  22  2:14  Adept (Chrono Boost)  
  25  2:21  Probe  
  26  2:27  Mothership Core  
  28  2:33  Probe  
  29  2:38  Adept (Chrono Boost)  
  31  2:45  Probe  
  31  2:46  Probe  
  33  2:57  Probe x2  
  35  3:08  Probe  
  35  3:09  Probe  
  37  3:15  Nexus  
  37  3:18  Probe  
  37  3:24  Probe  
  39  3:29  Probe  
  39  3:32  Gateway  
  40  3:34  Gateway  
  40  3:40  Adept (Chrono Boost)  
  40  3:47  Probe  
  41  3:51  Pylon  
  41  4:01  Probe  
  41  4:02  Stargate x2, Probe  
  43  4:12  Probe, Assimilator  
  43  4:13  Assimilator, Probe (Chrono Boost)  
  45  4:24  Probe (Chrono Boost)  
  45  4:25  Probe (Chrono Boost)  
  45  4:27  Probe (Chrono Boost)  
  48  4:35  Probe (Chrono Boost)  
  48  4:36  Probe (Chrono Boost)  
  48  4:38  Probe (Chrono Boost)  
  51  4:41  Sentry  
  51  4:45  Phoenix (Chrono Boost), Probe x2 (Chrono Boost)  
  55  4:46  Phoenix (Chrono Boost)  
  55  4:48  Probe  
  60  4:57  Robotics Facility, Probe  
  60  4:58  Robotics Facility  
  60  4:59  Probe  
  61  5:01  Probe  
  63  5:10  Probe  
  63  5:12  Phoenix (Chrono Boost)  
  63  5:13  Phoenix (Chrono Boost)  
  68  5:18  Probe  
  69  5:24  Pylon  
  69  5:28  Pylon  
  69  5:29  Pylon  
  69  5:33  Twilight Council  
  69  5:36  Forge  
  69  5:41  Probe  
  74  5:42  Probe x2  
  74  5:43  Phoenix (Chrono Boost)  
  74  5:51  Probe  
  74  5:52  Phoenix (Chrono Boost)  
  74  5:55  Probe x2  
  79  6:02  Probe  
  80  6:05  Phoenix (Chrono Boost)  
  82  6:11  Probe  
  82  6:12  Probe  
  82  6:16  Phoenix (Chrono Boost)  
  86  6:19  Warp Prism  
  88  6:26  Probe, Phoenix (Chrono Boost)  
  88  6:28  Probe x2  
  88  6:31  Pylon  
  88  6:32  Pylon  
  93  6:45  Charge (Chrono Boost), Pylon, Phoenix x2 (Chrono Boost)  
  93  6:47  Pylon  
  93  6:49  Probe  
  96  6:55  Adept x3  
  96  6:58  Protoss Ground Weapons Level 1  
  100  7:06  Gateway  
  100  7:07  Gateway x2  
  100  7:08  Gateway  
  100  7:10  Gateway  
  100  7:11  Gateway  
  100  7:14  Immortal  
  104  7:19  Immortal  
  108  7:32  Assimilator  
  108  7:33  Gateway  
  108  7:34  Gateway x2, Assimilator  
  100  7:42  Adept x3  
  106  7:51  Pylon  
  106  7:53  Immortal  
  106  7:58  Immortal  
  112  8:07  Adept x6  
  124  8:24  Mothership Core  
  126  8:28  Zealot x3  
  126  8:34  Pylon  
  132  8:36  Pylon  
  132  8:37  Pylon  
  132  8:38  Pylon  
  132  8:51  Zealot  
  132  8:55  Immortal x2  
  137  9:10  Pylon  
  137  9:15  Pylon x2  
  125  9:17  Pylon x2  
  125  9:19  Pylon  
  125  9:31  Zealot x9  
Show
View Real Time Build Order
Export as new Build Order

DarKLoVeR Zerg - Winner!

Build Orders: Hatch First 

Get SALT Encoding   

  12  0:02  Drone  
  13  0:13  Overlord  
  13  0:18  Drone  
  14  0:31  Drone  
  14  0:32  Drone  
  14  0:35  Drone  
  17  0:53  Hatchery  
  17  0:55  Drone  
  17  1:10  Spawning Pool  
  17  1:11  Drone  
  17  1:14  Drone  
  18  1:37  Overlord  
  18  1:44  Hatchery  
  18  1:47  Drone  
  18  1:57  Queen  
  20  2:05  Queen  
  20  2:06  Zergling x2  
  23  2:09  Drone  
  23  2:11  Drone  
  23  2:15  Drone  
  26  2:18  Drone  
  26  2:20  Drone  
  28  2:29  Drone x2  
  30  2:37  Drone  
  30  2:40  Queen  
  30  2:43  Overlord  
  33  2:49  Drone  
  33  2:50  Drone  
  34  2:59  Zergling x4  
  36  3:06  Drone x3  
  36  3:07  Drone  
  36  3:08  Drone  
  41  3:14  Overlord  
  41  3:15  Drone  
  41  3:16  Drone x2  
  44  3:26  Drone  
  44  3:32  Drone  
  45  3:38  Extractor  
  45  3:39  Extractor  
  45  3:41  Spore Crawler  
  41  3:42  Extractor  
  41  3:43  Extractor, Drone x2  
  41  3:46  Drone x3  
  44  3:49  Spore Crawler  
  44  3:50  Drone  
  44  3:51  Drone  
  44  3:53  Drone  
  44  3:55  Drone  
  47  3:57  Drone  
  47  3:58  Drone  
  47  4:00  Drone  
  51  4:02  Drone  
  51  4:03  Drone  
  51  4:05  Drone  
  51  4:09  Drone x2  
  55  4:12  Drone  
  55  4:15  Drone  
  57  4:17  Overlord  
  57  4:22  Roach Warren  
  56  4:24  Drone  
  56  4:27  Lair  
  57  4:32  Evolution Chamber  
  57  4:33  Drone  
  57  4:36  Drone x2  
  57  4:37  Overlord  
  57  4:38  Drone  
  60  4:39  Drone  
  60  4:41  Drone  
  60  4:44  Drone x2  
  64  4:47  Drone  
  65  4:57  Extractor, Drone, Spore Crawler  
  65  4:58  Extractor, Drone x6  
  69  5:00  Drone x2  
  69  5:05  Drone x2  
  73  5:07  Zerg Missile Weapons Level 1  
  73  5:09  Overlord  
  73  5:12  Overlord  
  73  5:14  Overlord  
  73  5:22  Overlord x2  
  73  5:23  Overlord x2  
  73  5:30  Glial Reconstitution  
  73  5:32  Drone  
  73  5:33  Hydralisk Den, Drone  
  74  5:41  Overlord x2  
  74  5:56  Spore Crawler  
  73  6:03  Drone x3  
  73  6:04  Drone x3  
  76  6:05  Drone x3  
  76  6:06  Hydralisk x3  
  76  6:07  Hydralisk  
  86  6:16  Muscular Augments  
  86  6:21  Hydralisk x4  
  86  6:22  Hydralisk x4  
  102  6:27  Queen  
  103  6:35  Overlord x3  
  102  6:40  Overlord  
  102  6:41  Overlord  
  100  6:52  Overlord x6  
  100  6:53  Queen  
  102  7:00  Hydralisk  
  102  7:01  Hydralisk x4  
  104  7:06  Zerg Missile Weapons Level 2  
  104  7:07  Hydralisk  
  114  7:16  Hydralisk x3  
  120  7:23  Hydralisk  
  120  7:24  Hydralisk x2, Spore Crawler  
  125  7:30  Hatchery  
  125  7:33  Roach x7  
  138  7:39  Roach x3  
  144  7:46  Roach  
  144  7:47  Roach x2  
  150  7:52  Overlord  
  150  7:53  Overlord  
  150  7:55  Queen  
  152  8:05  Roach x4  
  159  8:06  Roach x3  
  159  8:08  Ravager x5  
  159  8:09  Ravager  
  159  8:11  Overlord x2  
  171  8:16  Ravager x2  
  171  8:17  Ravager x2  
  171  8:19  Ravager x2  
  177  8:20  Roach  
  177  8:21  Roach x5  
  177  8:23  Ravager  
  177  8:26  Roach x3  
  196  8:32  Roach x2  
Tags
 
Add a new tag
Caveats
  • Supply blocks, unpowered buildings, or Contaminate may cause inaccurate times.
  • Supply counts are checked every 10 seconds.